 Dungeon Crawl Stone Soup version 0.23.2-40-g277498a001 (webtiles) character file.

Game seed: 10562379673841568678

273 Fairytaker the Magician (level 6, -3/41 HPs)
             Began as a Mummy Fire Elementalist on Aug 23, 2019.
             Slain by an ogre
             ... wielding a +0 giant spiked club
              (34 damage)
             ... on level 3 of the Dungeon.
             The game lasted 00:14:05 (4544 turns).

Fairytaker the Magician (Mummy Fire Elementalist)   Turns: 4544, Time: 00:14:05

Health: -3/41      AC:  3    Str: 12    XL:     6   Next: 2%
Magic:  2/11       EV: 12    Int: 16    God:
Gold:   126        SH:  0    Dex: 12    Spells: 7/12 levels left

rFire    x . .     SeeInvis .   f - +0 spear
rCold    + . .     Gourm    .   (no shield)
rNeg     + + +     Faith    .   a - +0 robe
rPois    ∞         Spirit   .   i - +1 hat
rElec    .         Reflect  .   (no cloak)
rCorr    .         Harm     .   (no gloves)
MR       .....                  (no boots)
Stlth    ++........             (no amulet)
HPRegen  0.13/turn              (no ring)
MPRegen  0.12/turn              (no ring)

@: very slightly contaminated
A: no food or potions, fire vulnerability, cold resistance 1, negative energy
resistance 3, torment resistance, unbreathing
a: no special abilities


You were on level 3 of the Dungeon.
You were not hungry.

You visited 1 branch of the dungeon, and saw 3 of its levels.

You collected 126 gold pieces.

Inventory:

Hand Weapons
 c - a +0 short sword
 f - a +0 spear (weapon)
Missiles
 d - 71 stones (quivered)
 j - a throwing net
Armour
 a - a +0 robe (worn)
 i - a +1 hat (worn)
Scrolls
 b - 4 scrolls of identify {unknown}
 e - a scroll of magic mapping {unknown}
 g - 2 scrolls of teleportation {unknown}
 h - a scroll of fog {unknown}
 k - a scroll of noise {unknown}


   Skills:
 - Level 1.5 Dodging
 - Level 1.5 Stealth
 + Level 3.8 Spellcasting
 * Level 3.6 Conjurations
 * Level 3.6 Fire Magic


You had 7 spell levels left.
You knew the following spells:

 Your Spells              Type           Power        Failure   Level  Hunger
a - Flame Tongue          Conj/Fire      ##...        3%          1    N/A
b - Sticky Flame          Conj/Fire      ##......     36%         4    N/A

Your spell library contained the following spells:

 Spells                   Type           Power        Failure   Level  Hunger
 Throw Flame              Conj/Fire      ##....       6%          2    N/A
 Conjure Flame            Conj/Fire      ##......     12%         3    N/A
 Inner Flame              Hex/Fire       #.......     24%         3    N/A
 Fireball                 Conj/Fire      ##........   71%         5    N/A

Dungeon Overview and Level Annotations

Branches:
Dungeon (3/15)

Altars:
Uskayaw


Innate Abilities, Weirdness & Mutations

You do not eat or drink.
Your flesh is vulnerable to fire.
You are immune to poison.
Your flesh is cold resistant. (rC+)
You are immune to negative energy. (rN+++)
You are immune to unholy pain and torment.
You can survive without breathing.


Message History

The ogre is heavily wounded.
Casting: Flame Tongue (safe; 3% risk of failure)
Confirm with . or Enter, or press ? or * to list all spells.
Aiming: Sticky Flame (quite dangerous; 36% risk of failure)
Press: ? - help, Shift-Dir - straight line, f/p - ogre
Aim: an ogre, wielding a +0 giant spiked club (heavily wounded)
You miscast Sticky Flame.
You are very lightly contaminated with residual magic.
You hear a sizzling sound.
The ogre hits you with a +0 giant spiked club!
Casting: Sticky Flame (quite dangerous; 36% risk of failure)
Confirm with . or Enter, or press ? or * to list all spells.
Aiming: Sticky Flame (quite dangerous; 36% risk of failure)
Press: ? - help, Shift-Dir - straight line, f/p - ogre
Aim: an ogre, wielding a +0 giant spiked club (heavily wounded)
You miscast Sticky Flame.
Sparks fly from your hands!
Unknown command.
The ogre hits you with a +0 giant spiked club!!
Ouch! That really hurt!
You die...

##''#### #....# #....# #....#
#....# #....# #....# #....#
#....# ####.# #....# ##### #.#
#....# #...# #.#
.....###############...#### #.#
#...............@O........#####.#
..#.>...........)................
#.#..####################.#####.#
#.#..............................
#....###%...#############O#####..
#....# #....# #.# ###
#....###....# #.. #....#......#
### ######......#


You could see an ogre.

Vanquished Creatures
  Natasha (twice) (D:3)
  7 gnolls
  5 adders
  An ooze (D:2)
  An adder skeleton (D:2)
  4 worms
  5 dart slugs
  3 leopard geckos
  3 orcs (D:3)
  3 ball pythons
  4 bats
  2 bat skeletons (D:2)
  3 bat zombies (D:2)
  5 giant cockroaches
  3 goblins
  7 hobgoblins
  3 jackals (D:2)
  2 frilled lizards
  2 jackal zombies (D:2)
  9 kobolds
  A leopard gecko skeleton (D:2)
  9 rats
84 creatures vanquished.

Notes
Turn   | Place    | Note
-------+----------+-------------------------------------------
     0 | D:1      | Fairytaker the Mummy Fire Elementalist began the quest for
                  | the Orb.
     0 | D:1      | Reached XP level 1. HP: 13/13 MP: 4/4
     8 | D:1      | Reached skill level 1 in Conjurations
   408 | D:1      | Reached XP level 2. HP: 19/19 MP: 2/5
  1483 | D:2      | Reached XP level 3. HP: 24/24 MP: 5/7
  1828 | D:2      | Reached XP level 4. HP: 30/30 MP: 3/8
  1878 | D:2      | Learned a level 4 spell: Sticky Flame
  2296 | D:2      | Found a hide-covered altar of Uskayaw.
  3249 | D:3      | Reached XP level 5. HP: 35/35 MP: 7/10
  3279 | D:3      | Noticed an ice beast
  4328 | D:3      | Noticed Natasha
  4338 | D:3      | Killed Natasha
  4358 | D:3      | Noticed Natasha
  4362 | D:3      | Killed Natasha
  4362 | D:3      | Reached XP level 6. HP: 23/41 MP: 4/11
  4544 | D:3      | Slain by an ogre

Skill      XL: |  1  2  3  4 |
---------------+-------------+-----
Conjurations   | 1 2 3 |  3.6
Spellcasting   | 3 |  3.8
Fire Magic     | 3 |  3.6
Dodging        | |  1.5
Stealth        | |  1.5

Action                   |  1- 3 |  4- 6 || total
-------------------------+-------+-------++-------
Melee: Spear             |     4 |    20 ||    24
Throw: Stone             |     8 |    22 ||    30
 Cast: Flame Tongue      |    56 |   112 ||   168
Armor: Robe              |     5 |    17 ||    22
Dodge: Dodged            |    28 |    40 ||    68
